 Dungeon Crawl Stone Soup version 0.23.2-30-g0e89c35649 (webtiles) character file.

Game seed: 7453766439995594929

9163 raph the Cleaver (level 11, -3/97 HPs)
             Began as a Deep Dwarf Necromancer on June 23, 2019.
             Was a Priest of Makhleb.
             Slain by a blink frog (8 damage)
             ... on level 1 of the Lair of Beasts.
             The game lasted 00:38:32 (13978 turns).

raph the Cleaver (Deep Dwarf Necromancer)          Turns: 13978, Time: 00:38:34

Health: -3/97      AC: 10    Str: 12    XL:     11   Next: 19%
Magic:  9/26 (17)  EV: 14    Int: 21    God:    Makhleb [***...]
Gold:   236        SH:  0    Dex: 15    Spells: 3/16 levels left

rFire    + . .     SeeInvis .   A - +8 battleaxe "Bigeoje" {chop, Int+4}
rCold    . . .     Gourm    .   (shield currently unavailable)
rNeg     . . .     Faith    .   u - +1 leather armour
rPois    .         Spirit   .   r - +2 helmet
rElec    .         Reflect  .   C - +2 cloak
rCorr    .         Harm     .   (no gloves)
MR       +....                  (no boots)
Stlth    +++.......             (no amulet)
HPRegen  0.00/turn              D - ring of protection from fire
MPRegen  0.20/turn              i - ring of magical power

@: lethally poisoned (-3 -> -38), very slightly contaminated, non-regenerating
A: damage resistance, heal wounds, sense surroundings 2, no regeneration
a: Heal Wounds, Minor Destruction, Lesser Servant of Makhleb, Renounce Religion


You were on level 1 of the Lair of Beasts.
You worshipped Makhleb.
Makhleb was most pleased with you.
You were not hungry.

You visited 3 branches of the dungeon, and saw 12 of its levels.

You collected 236 gold pieces.

Inventory:

Hand Weapons
 a - a +0 hand axe
 e - a +0 spear
 g - a +0 dagger
 l - a +2 hand axe of electrocution
 m - a +0 war axe
 t - a +1 dagger of speed
 A - the +8 battleaxe "Bigeoje" (weapon) {chop, Int+4}
   (You acquired it on level 9 of the Dungeon)

   It inflicts extra damage upon your enemies.
   It affects your intelligence (+4).
Missiles
 b - 275 stones
 p - 23 tomahawks (quivered)
Armour
 r - a +2 helmet (worn)
 u - a +1 leather armour (worn)
 C - a +2 cloak (worn)
Jewellery
 d - an uncursed ring of positive energy
 i - a ring of magical power (right hand)
 y - an uncursed ring of protection from cold
 D - a ring of protection from fire (left hand)
Wands
 n - a wand of random effects (17)
 w - a wand of scattershot (3)
 z - a wand of polymorph (6)
 E - a wand of enslavement (8)
Scrolls
 f - 4 scrolls of remove curse
 j - 3 scrolls of identify
 s - a scroll of magic mapping
 v - 3 scrolls of enchant armour
 B - 4 scrolls of teleportation
 G - a scroll of immolation {unknown}
Potions
 h - 2 potions of curing
 k - 2 potions of heal wounds
 o - a potion of brilliance
 q - a potion of magic
 x - a potion of ambrosia
Comestibles
 c - 16 rations
 F - 7 chunks of flesh


   Skills:
 + Level 6.0 Fighting
 * Level 10.7 Axes
 - Level 4.1 Dodging
 - Level 5.0 Stealth
 - Level 3.0 Spellcasting
 + Level 3.7 Conjurations
 - Level 10.0 Necromancy
 - Level 3.9 Earth Magic
 + Level 8.0 Invocations


You had 3 spell levels left.
You knew the following spells:

 Your Spells              Type           Power        Failure   Level  Hunger
a - Pain                  Necr           ####         1%          1    None
b - Animate Skeleton      Necr           N/A          1%          1    None
c - Vampiric Draining     Necr           #####.....   1%          3    ###....
d - Animate Dead          Necr           N/A          2%          4    ####...
e - Sandblast             Erth           ###...       3%          1    None
f - Stone Arrow           Conj/Erth      ###...       11%         3    ###....

Your spell library contained the following spells:

 Spells                   Type           Power        Failure   Level  Hunger
 Passwall                 Tmut/Erth      ##......     12%         2    ##.....
 Corona                   Hex            #......      17%         1    None
 Dazzling Spray           Conj/Hex       ##....       24%         3    ###....
 Ensorcelled Hibernation  Hex/Ice        #.....       26%         2    ##.....
 Confuse                  Hex            #.......     45%         3    ###....
 Tukima's Dance           Hex            #.......     45%         3    ###....
 Petrify                  Tmut/Erth      ##......     58%         4    ####...
 Lee's Rapid Deconstruct  Erth           ###.......   67%         5    ######.
 Regeneration             Chrm/Necr      Unusable     N/A         3    N/A

Dungeon Overview and Level Annotations

Branches:
Dungeon (10/15)            Temple (1/1) D:7            Lair (1/6) D:8
    Orc: D:9-12

Altars:
Ashenzari
Cheibriados
Dithmenos
Elyvilon
Fedhas
Gozag
Hepliaklqana
Kikubaaqudgha
Makhleb
Nemelex Xobeh
Okawaru
Qazlal
Ru
Sif Muna
Trog
Uskayaw
Vehumet
Wu Jian
Xom
Yredelemnul
Zin
The Shining One

Annotations:
D:2 exclusion: door
D:3 2 transporters, Lidrolic's ghost, amateur HuFi
D:5 exclusion: statue
D:7 2 transporters, DungeonDestroyer's ghost, novice HuFi
D:10 Nergalle


Innate Abilities, Weirdness & Mutations

You are resistant to damage.
You can heal yourself by infusing magical energy.
You passively map the area around you.
You do not regenerate.


Message History

You feel sick.
The blink frog blinks!
Your bullfrog zombie hits the porcupine but does no damage.
The blink frog closely misses you. The spiny frog stings you.
* * * LOW HITPOINT WARNING * * *
The porcupine bites your bullfrog zombie.
The blink frog blinks!
Your bullfrog zombie completely misses the porcupine.
You closely miss the spiny frog.
The spiny frog is lightly wounded.
You slash the blink frog!
You feel very sick.
The blink frog blinks!
The blink frog hits you!
* * * LOW HITPOINT WARNING * * *
The blink frog blinks!
The spiny frog stings you.
You are more poisoned.
The spiny frog poisons you! Something hits your bullfrog zombie!
The porcupine bites your bullfrog zombie!
Your bullfrog zombie is destroyed!
The blink frog hits you!
You die...

, ,, * * , *#..P #....
*..##.⌠ #..# #.##. , , .(#F.F
,* #..# #.# ⌠ ....F #..# ##.#
. #.§., * #..# *P.# ,* ..
#F⌠, ######..# #.#
..#.#..###.##....# #.### , ,
,.#......F.F§.....#######....
*
,.......rF.F@................
.#.#.F...#.#####F...........
#...#..#### #............ , ⌠
#%. +..#* #............ , ...
#... #............ , , ..
#..#* #..########## . ,..F#
#...# *, *, ....# ##..# , ,,,
*


You could see a spiny frog, 5 blink frogs and a porcupine (unaware).

Vanquished Creatures
  A hydra (D:9)
  A wizard (D:9)
  Pikel (D:9)
  A cyclops (D:7)
  A komodo dragon (Lair:1)
  A troll (D:8)
  2 blink frogs (Lair:1)
  Prince Ribbit (D:9)
  2 dream sheep (D:9)
  7 yaks
  Menkaure (D:5)
  Duvessa (D:6)
  A water moccasin (D:9)
  A porcupine (Lair:1)
  3 sky beasts
  4 slaves (D:9)
  2 ogres
  4 phantoms
  5 centaurs
  2 wolves (D:8)
  3 big kobolds (D:9)
  9 bullfrogs
  2 water moccasin zombies (D:9)
  Dowan (D:6)
  5 scorpions
  A howler monkey (D:5)
  3 wights (D:6)
  An electric eel (D:8)
  6 crimson imps
  9 hounds
  2 jellies
  7 orc priests
  9 orc wizards
  2 centaur skeletons
  A bullfrog skeleton (D:5)
  2 iguanas
  5 worker ants
  A hound zombie (D:7)
  A hound skeleton (D:4)
  14 adders
  A shadow imp (D:6)
  An ooze (D:2)
  5 adder skeletons
  3 worms (D:5)
  A dart slug (D:2)
  7 leopard geckos
  39 orcs
  5 giant cockroaches
  12 goblins
  8 hobgoblins
  4 jackals (D:2)
  2 quokkas
  6 bats
  5 frilled lizards
  12 kobolds
  A leopard gecko zombie (D:7)
  4 rats
242 creatures vanquished.

Vanquished Creatures (collateral kills)
  A hippogriff (D:7)
  A yak (Lair:1)
  A phantom (D:7)
  A big kobold (D:9)
  An electric eel (D:8)
  A centaur zombie (D:9)
  A leopard gecko (D:1)
7 creatures vanquished.

Vanquished Creatures (others)
  A fungus (Lair:1)
1 creature vanquished.

Grand Total: 250 creatures vanquished

Notes
Turn   | Place    | Note
-------+----------+-------------------------------------------
     0 | D:1      | raph the Deep Dwarf Necromancer began the quest for the
                  | Orb.
     0 | D:1      | Reached XP level 1. HP: 15/15 MP: 3/3
   124 | D:1      | Learned a level 1 spell: Animate Skeleton
   431 | D:1      | Reached XP level 2. HP: 19/22 MP: 2/4
  1428 | D:1      | Reached skill level 5 in Necromancy
  1611 | D:2      | Reached XP level 3. HP: 24/28 MP: 6/6
  1616 | D:2      | Learned a level 3 spell: Vampiric Draining
  2143 | D:2      | Reached XP level 4. HP: 35/36 MP: 2/7
  2495 | D:2      | Found a glowing golden altar of the Shining One.
  2499 | D:2      | Noticed an angel
  3214 | D:2      | Found a basalt altar of Yredelemnul.
  3216 | D:2      | Noticed a profane servitor
  3314 | D:3      | Found a hazy altar of Hepliaklqana.
  3828 | D:3      | Found a white marble altar of Elyvilon.
  3849 | D:3      | Found a transporter.
  3849 | D:3      | Found a transporter.
  3850 | D:3      | Noticed Lidrolic's ghost (amateur HuFi)
  3907 | D:3      | Found a glowing golden altar of the Shining One.
  4131 | D:4      | Reached XP level 5. HP: 19/42 MP: 7/9
  4265 | D:3      | Learned a level 4 spell: Animate Dead
  4266 | D:4      | Noticed a phantom
  4290 | D:4      | Found an iron altar of Okawaru.
  4427 | D:4      | Noticed an ogre
  4435 | D:4      | Killed an ogre
  4435 | D:4      | Reached XP level 6. HP: 33/49 MP: 8/10
  5164 | D:4      | Reached skill level 1 in Fighting
  5528 | D:5      | Entered Level 5 of the Dungeon
  5541 | D:5      | Reached skill level 1 in Axes
  5560 | D:5      | Reached XP level 7. HP: 56/57 MP: 5/11
  5706 | D:5      | Noticed Menkaure
  5772 | D:5      | Found a radiant altar of Vehumet.
  6037 | D:5      | Found a shimmering altar of Xom.
  7096 | D:7      | Reached skill level 5 in Stealth
  7096 | D:7      | Reached XP level 8. HP: 39/64 MP: 12/12
  7161 | D:7      | Found a staircase to the Ecumenical Temple.
  7181 | Temple   | Entered the Ecumenical Temple
  7326 | Temple   | Became a worshipper of Makhleb the Destroyer
  7338 | D:7      | Found a transporter.
  7343 | D:7      | Noticed a cyclops
  7361 | D:7      | Killed a cyclops
  7542 | D:7      | Found a transporter.
  7542 | D:7      | Noticed DungeonDestroyer's ghost (novice HuFi)
  7553 | D:7      | Noticed a hippogriff
  7565 | D:7      | Reached skill level 5 in Axes
  7572 | D:7      | Reached skill level 1 in Invocations
  7584 | D:7      | Killed a hippogriff
  8104 | D:7      | Gained mutation: You passively map the area around you.
                  | [Deep Dwarf growth]
  8104 | D:7      | Reached XP level 9. HP: 45/75 MP: 13/13
  8175 | D:7      | You fall through a shaft for 2 floors!
  8270 | D:9      | Found an opulent altar of Gozag.
  8504 | D:9      | Noticed Prince Ribbit
  8515 | D:9      | Killed Prince Ribbit
  8519 | D:9      | Learned a level 1 spell: Sandblast
  8656 | D:9      | Found a sparkling altar of Nemelex Xobeh.
  8656 | D:9      | Found a sacrificial altar of Ru.
  8759 | D:9      | Reached skill level 1 in Earth Magic
  8781 | D:9      | Reached * piety under Makhleb
  9187 | D:9      | Noticed a three-headed hydra
  9198 | D:9      | Killed a three-headed hydra
  9198 | D:9      | Reached skill level 5 in Invocations
  9198 | D:9      | Reached XP level 10. HP: 40/87 MP: 5/14
  9695 | D:9      | Identified a scroll of acquirement
  9696 | D:9      | Got a twisted battleaxe
  9697 | D:9      | Identified the +8 battleaxe "Bigeoje" {chop, Int+4} (You
                  | acquired it on level 9 of the Dungeon)
  9708 | D:8      | Reached skill level 10 in Necromancy
  9913 | D:8      | Learned a level 3 spell: Stone Arrow
 10025 | D:8      | Reached skill level 1 in Conjurations
 10254 | D:8      | Got a vibrating ruby amulet
 10255 | D:8      | Identified the amulet of Music {Harm *Drain rN+ MR+ Slay+3
                  | Stlth-} (You found it on level 8 of the Dungeon)
 10295 | D:8      | Found a staircase to the Lair.
 10601 | D:8      | Reached ** piety under Makhleb
 10601 | D:8      | Reached skill level 5 in Fighting
 11126 | D:6      | Noticed Dowan
 11129 | D:6      | Noticed Duvessa
 11245 | D:6      | Found an ancient bone altar of Kikubaaqudgha.
 11898 | D:5      | Noticed a moth of wrath
 11921 | D:5      | Found a bloodstained altar of Trog.
 12062 | D:5      | Killed Menkaure
 12296 | D:6      | Killed Duvessa
 12299 | D:6      | Killed Dowan
 12635 | D:6      | Found a snail-covered altar of Cheibriados.
 12922 | D:9      | Noticed a wizard
 12929 | D:9      | Killed a wizard
 12929 | D:9      | Reached skill level 10 in Axes
 12931 | D:9      | Reached *** piety under Makhleb
 13103 | D:9      | Noticed Pikel
 13288 | D:9      | Killed Pikel
 13446 | D:10     | Entered Level 10 of the Dungeon
 13651 | D:10     | Noticed Nergalle
 13690 | Lair:1   | Entered Level 1 of the Lair of Beasts
 13748 | Lair:1   | Reached XP level 11. HP: 61/97 MP: 13/16
 13978 | Lair:1   | Slain by a blink frog

Skill      XL: |  1  2  3  4  5  6  7  8  9 10 11 |
---------------+----------------------------------+-----
Spellcasting   | 2 3 |  3.0
Necromancy     | 5 6 7 8 9 10 | 10.0
Dodging        | 3 4 |  4.1
Fighting       | 1 3 4 5 6 |  6.0
Stealth        | 3 5 |  5.0
Axes           | 1 3 6 8 10 | 10.7
Invocations    | 2 5 7 8 |  8.0
Earth Magic    | 3 |  3.9
Conjurations   | 3 |  3.7

Action                   |  1- 3 |  4- 6 |  7- 9 | 10-12 || total
-------------------------+-------+-------+-------+-------++-------
Melee: Spear             |     2 |     3 |       |       ||     5
       Short sword       |       |     1 |       |       ||     1
       Hand axe          |       |    23 |   123 |     4 ||   150
       Battleaxe         |       |       |       |   176 ||   176
       Unarmed           |       |       |       |     1 ||     1
Throw: Stone             |       |       |     2 |     1 ||     3
       Tomahawk          |       |       |       |     2 ||     2
 Cast: Pain              |    74 |    50 |    76 |    22 ||   222
       Animate Skeleton  |    18 |    14 |    11 |    16 ||    59
       Vampiric Draining |     2 |    32 |    63 |    45 ||   142
       Animate Dead      |       |     2 |     9 |    10 ||    21
       Stone Arrow       |       |       |       |    16 ||    16
       Sandblast         |       |       |       |     8 ||     8
 Abil: Heal Wounds       |       |       |     1 |       ||     1
Evoke: Wand              |       |       |       |     1 ||     1
  Use: Scroll            |       |    10 |     3 |     7 ||    20
       Potion            |       |       |     1 |       ||     1
 Stab: Sleeping          |       |       |     1 |     4 ||     5
       Distracted        |       |       |       |     1 ||     1
  Eat: Chunk             |     5 |     8 |     8 |    15 ||    36
       Ration            |       |     2 |     3 |     3 ||     8
Armor: Robe              |     4 |       |       |       ||     4
       Leather armour    |       |    22 |    46 |    79 ||   147
Dodge: Dodged            |    11 |    42 |   126 |   182 ||   361
